 Dungeon Crawl Stone Soup version 0.27.0-1-g7a089689b8 (webtiles) character file.

Game seed: 3299210163532637483

32 hatdisgam the Chucker (level 3, -4/36 HPs)
             Began as an Ogre Arcane Marksman on Aug 6, 2021.
             Killed from afar by Natasha (6 damage)
             ... with a magic dart
             ... on level 2 of the Dungeon.
             The game lasted 00:02:12 (1666 turns).

hatdisgam the Chucker (Ogre Arcane Marksman)        Turns: 1666, Time: 00:02:13

Health: -4/36      AC:  3    Str: 15    XL:     3   Next: 25%
Magic:  4/4        EV: 13    Int: 14    God:
Gold:   52         SH:  0    Dex:  9    Spells: 3/4 levels left

rFire    . . .     SeeInvis .   h - +0 whip
rCold    . . .     Faith    .   (no shield)
rNeg     . . .     Spirit   .   a - +0 robe
rPois    .         Reflect  .   (helmet restricted)
rElec    .         Harm     .   (no cloak)
rCorr    .         Rampage  .   (gloves unavailable)
Will     .....                  (boots unavailable)
Stlth    +.........             (no amulet)
HPRegen  0.12/turn              f - +4 ring of evasion
MPRegen  0.09/turn              (no ring)

@: no status effects
A: large, unfitting armour, tough skin 1
a: no special abilities


You were on level 2 of the Dungeon.
You visited 1 branch of the dungeon, and saw 2 of its levels.

You collected 52 gold pieces.

Inventory:

Hand Weapons
 g - a +0 dagger
 h - a +0 whip (weapon)
Missiles
 d - 16 stones (quivered)
Armour
 a - a +0 robe (worn)
Jewellery
 f - a +4 ring of evasion (left hand)
Scrolls
 i - 2 scrolls of enchant weapon {unknown}
 k - a scroll of amnesia {unknown}
 l - 2 scrolls of identify {unknown}
Potions
 e - 2 potions of curing {unknown}
 j - a potion of attraction {unknown}


   Skills:
 + Level 2.4 Fighting
 * Level 1.0 Maces & Flails
 + Level 2.8 Throwing
 - Level 1.7 Dodging
 - Level 1.2 Spellcasting
 - Level 2.6 Hexes


You had 3 spell levels left.
You knew the following spells:

 Your Spells              Type           Power      Damage    Failure   Level
a - Corona                Hex            8%         N/A       9%          1

Your spell library contained the following spells:

 Spells                   Type           Power      Damage    Failure   Level
 Slow                     Hex            8%         N/A       13%         2
 Inner Flame              Hex/Fire       4%         N/A       41%         3
 Portal Projectile        Hex/Tloc       8%         N/A       41%         3
 Cause Fear               Hex            4%         N/A       65%         4


Dungeon Overview and Level Annotations

Branches:
Dungeon (2/15)

Altars:

Annotations:
D:2 Natasha


Innate Abilities, Weirdness & Mutations

You are too large for most types of armour.
You have tough skin. (AC +1)


Message History

You throw a throwing net. The throwing net misses Natasha.
The crimson imp hits you but does no damage.
Natasha casts a spell at you. The magic dart hits you.
The crimson imp misses you.
You closely miss Natasha.
Natasha is heavily wounded.
The crimson imp hits you. Natasha claws you. The crimson imp hits you.
You hit Natasha.
Natasha is severely wounded.
The crimson imp barely misses you. Natasha closely misses you.
The crimson imp blinks!
You hit Natasha.
Natasha is almost dead.
The crimson imp closely misses you. Natasha barely misses you.
You barely miss Natasha.
Natasha is almost dead.
The crimson imp barely misses you. Natasha claws you.
* * * LOW HITPOINT WARNING * * *
You barely miss Natasha.
Natasha is almost dead.
The crimson imp barely misses you. Natasha barely misses you.
You closely miss Natasha.
Natasha is almost dead.
The crimson imp blinks!
Natasha claws you.
* * * LOW HITPOINT WARNING * * *
You hit Natasha but do no damage.
Natasha is almost dead.
The crimson imp blinks!
Natasha closely misses you. The crimson imp misses you.
You barely miss Natasha.
Natasha is almost dead.
The crimson imp closely misses you. Natasha barely misses you.
The crimson imp hits you but does no damage.
The crimson imp hits you.
* * * LOW HITPOINT WARNING * * *
You barely miss Natasha.
Natasha is almost dead.
The crimson imp disappears in a puff of smoke!
Natasha casts a spell at you. The magic dart hits you.
You die...

#. #......# #. #.
#......# #. #.#
#......# ## ..
#......#
#.##......#
#..#..(...#
#.#.h....#
#.5@ยง....#
##.##.#### #..#.#
##.#.# ######
#.#.#########.....
#..........##.###.
##.........##.# #.
#.........##.# #.
#.........##.# #.


You could see Natasha and a crimson imp (summoned).

Vanquished Creatures
  An adder (D:2)
  A dart slug (D:1)
  2 endoplasms (D:1)
  A giant cockroach (D:2)
  6 goblins (D:1)
  2 jackals (D:1)
  A kobold (D:1)
  A bat (D:1)
  A frilled lizard (D:1)
  3 rats (D:1)
19 creatures vanquished.

Notes
Turn   | Place    | Note
-------+----------+-------------------------------------------
     0 | D:1      | hatdisgam the Ogre Arcane Marksman began the quest for the
                  | Orb.
     0 | D:1      | Reached XP level 1. HP: 19/19 MP: 2/2
   268 | D:1      | Reached XP level 2. HP: 4/28 MP: 3/3
  1427 | D:2      | Reached skill level 1 in Maces & Flails
  1427 | D:2      | Reached XP level 3. HP: 15/36 MP: 4/4
  1650 | D:2      | Noticed Natasha
  1666 | D:2      | Killed from afar by Natasha

Illustrated notes

Levels and vault maps discovered:
D:1:      lightli_arrival_windingriver, layout_rooms
D:2:      layout_basic, uniq_jessica, uniq_natasha

Skill      XL: |  1  2 |
---------------+-------+-----
Fighting       | 2 |  2.4
Maces & Flails | 1 |  1.0
Throwing       | |  2.8
Dodging        | |  1.7
Spellcasting   | |  1.2
Hexes          | |  2.6

Action                   || total
-------------------------++-------
Melee: Unarmed           ||    19
       Dagger            ||    29
       Whip              ||    63
Throw: Large rock        ||     9
       Throwing net      ||     2
 Stab: Sleeping          ||     1
Armor: Robe              ||    31
Dodge: Dodged            ||    94
